Royaux vs Demolitions
Created - May 10, 2020 at 19:20
Goals
|
| Royaux |
2 |
0 |
0 |
2 |
| Demolitions |
0 |
2 |
4 |
6 |
|
Shots
|
| Royaux |
8 |
4 |
12 |
24 |
| Demolitions |
13 |
14 |
10 |
37 |
|
1st period
1. Royaux , Anton Slepyshev 21 (Brandon Pirri 30, Brendan Woods 13) at 0:34
2. Royaux , Ben Hanowski 23 (Dylan DeMelo 16, Nathan Gerbe 41) at 6:00
Penalties :
Phil McRae (Vic) for Hooking (Minor) at 13:18
2nd period
3. Demolitions , Daultan Leveillé 33 (Spencer Machacek 82, Taylor Beck 38) at 3:27
4. Demolitions , Dennis Everberg 33 (Andrej Nestrasil 37, Ryan Pulock 24) at 4:02
Penalties :
Lukas Krajicek (Cap) for Hooking (Minor) at 6:58, Sonny Milano (Cap) for Hooking (Minor) at 13:00, Nikita Tryamkin (Vic) for Holding Stick (Minor) at 16:26
3rd period
5. Demolitions , Spencer Machacek 54 (Taylor Beck 39, Robert Bortuzzo 26) at 9:44
6. Demolitions , Daultan Leveillé 34 (Nikita Tryamkin 18, Jake Muzzin 28) at 9:58 (PP)
7. Demolitions , Spencer Machacek 55 (Taylor Beck 40, Jake Muzzin 29) at 12:40
8. Demolitions , Taylor Beck 40 (Jake Muzzin 30, Spencer Machacek 83) at 16:43
Penalties :
Nikita Tryamkin (Vic) for Tripping (Minor) at 1:03, Brendan Woods (Cap) for Butt-ending (Major / Game Misconduct) at 3:17, Danny Kristo (Cap) for Tripping (Minor) at 9:47
Goalie Stats
Olivier Roy (Cap), 31 saves from 37 shots - (0.838), L, 28-15-5, 60:00 minutes
Alex Stalock (Vic), 22 saves from 24 shots - (0.917), W, 22-9-3, 60:00 minutes
Players Stats for Royaux
Player Name G A P +/- PIM S H SB GA TA FO MP PP MP PK MP
------------------------------------------------------------------------------------
Anton Slepyshev 1 0 1 -1 0 1 1 1 0 0 1/1 10:14 0:00 0:56
Ben Hanowski 1 0 1 0 0 2 0 0 0 0 0/0 17:24 3:16 1:27
Brandon Pirri 0 1 1 -1 0 0 1 0 1 0 1/3 12:45 0:02 2:52
Brendan Woods 0 1 1 -1 15 0 0 1 0 1 2/4 9:18 0:00 1:36
Danny Kristo 0 0 0 -2 2 0 1 1 0 0 0/0 20:27 2:39 3:53
Dylan DeMelo 0 1 1 -1 0 0 2 2 0 0 0/0 15:40 0:00 2:09
Dylan Larkin 0 0 0 -2 0 2 1 0 0 0 14/34 17:07 3:16 0:00
Gord Baldwin 0 0 0 0 0 1 0 3 1 0 0/0 21:03 2:14 4:26
Haydn Fleury 0 0 0 -2 0 1 0 2 0 1 0/0 22:17 0:00 4:19
Lukas Krajicek 0 0 0 -2 2 2 4 2 2 1 0/0 23:50 3:43 2:35
Marcus Pettersson 0 0 0 0 0 0 0 2 1 1 0/0 18:16 3:43 1:06
Marko Dano 0 0 0 -2 0 3 0 2 0 0 1/2 19:32 3:16 1:27
Nathan Gerbe 0 1 1 0 0 6 2 0 0 0 5/13 16:49 2:41 0:52
Nicholas Baptiste 0 0 0 0 0 1 1 0 0 0 0/0 9:07 0:02 0:00
Phil Oreskovic 0 0 0 -1 0 2 2 0 0 0 0/0 19:13 2:14 3:41
Sonny Milano 0 0 0 0 2 2 1 0 0 0 0/0 8:50 0:00 0:00
Teuvo Teravainen 0 0 0 0 0 1 1 0 0 0 1/2 17:17 2:39 2:52
Vladislav Namestnikov 0 0 0 0 0 0 0 0 1 0 3/9 11:39 0:00 2:21
Players Stats for Demolitions
Player Name G A P +/- PIM S H SB GA TA FO MP PP MP PK MP
------------------------------------------------------------------------------------
Aaron Palushaj 0 0 0 0 0 0 2 0 0 0 1/1 7:14 0:00 0:00
Alex Hutchings 0 0 0 0 0 0 0 0 0 0 0/0 8:15 0:20 0:37
Andrej Nestrasil 0 1 1 0 0 3 0 0 0 0 4/10 15:19 3:45 0:00
Brendan Perlini 0 0 0 0 0 0 0 0 0 0 0/0 1:19 0:00 1:15
Christoph Bertschy 0 0 0 0 0 3 0 0 0 0 1/3 8:16 0:32 0:29
Colton Sceviour 0 0 0 0 0 0 0 0 0 0 0/0 0:00 0:00 0:00
Daultan Leveillé 2 0 2 4 0 3 0 1 0 0 19/34 22:49 4:04 3:25
Dennis Everberg 1 0 1 0 0 3 3 0 0 3 1/1 16:52 3:45 1:30
J.T. Brown 0 0 0 -1 0 3 2 0 0 0 0/0 11:47 1:07 0:00
Jake Muzzin 0 3 3 3 0 0 3 1 0 2 0/0 29:19 4:51 3:51
Joshua Leivo 0 0 0 -1 0 1 0 0 0 0 1/1 10:40 0:00 0:00
Lane MacDermid 0 0 0 0 0 3 0 0 0 0 0/0 15:19 3:45 0:00
Michael Ferland 0 0 0 0 0 0 0 0 0 0 0/0 0:47 0:47 0:00
Mitch Callahan 0 0 0 0 0 0 0 0 0 0 0/0 1:02 1:02 0:00
Nick Pryor 0 0 0 1 0 1 1 0 0 0 0/0 12:13 0:00 1:57
Nikita Tryamkin 0 1 1 3 4 1 1 0 0 0 0/0 22:35 4:47 1:21
Phil McRae 0 0 0 -1 2 4 2 0 1 0 6/6 10:40 0:00 0:00
Robert Bortuzzo 0 1 1 -1 0 0 1 0 0 0 0/0 19:47 3:37 2:06
Ryan Pulock 0 1 1 -1 0 0 1 2 0 0 0/0 19:47 3:37 2:06
Spencer Machacek 2 2 4 4 0 6 3 0 2 0 6/9 22:31 4:04 3:08
Taylor Aronson 0 0 0 1 0 0 1 2 0 1 0/0 13:00 1:13 0:00
Taylor Beck 1 3 4 4 0 6 2 1 1 0 1/3 21:05 4:13 1:30
Tommy Vannelli 0 0 0 0 0 0 0 0 0 0 0/0 3:24 0:11 0:33
Tyler Graovac 0 0 0 0 0 0 0 0 0 0 0/0 0:00 0:00 0:00
3 Stars
1 - Spencer Machacek (Vic)
2 - Taylor Beck (Vic)
3 - Daultan Leveillé (Vic)
Power Play
Royaux - 0 on 3 Attempt(s) - 0.00%
Demolitions - 1 on 4 Attempt(s) - 25.00%
Penalty Kill
Royaux - 3 on 4 Attempt(s) - 75.00%
- Score 0 goal in Penalty Kill
Demolitions - 3 on 3 Attempt(s) - 100.00%
- Score 0 goal in Penalty Kill
Team Stat
Royaux - Hits : 17 - Faceoff Wins : 28 - Blocked Shots : 16 - Penalty Minutes : 21
Demolitions - Hits : 22 - Faceoff Wins : 40 - Blocked Shots : 7 - Penalty Minutes : 6
Official
Referees : Unknown
Linesman : Unknown
Game Notes
Brendan Woods ejected from game at 3:17 of 3rd period
Nikita Tryamkin is injured at 16:47 of 3rd period (Left Forearm)
Finance
Level 1 -- Attendance: 2000 (100.00%) -- Ticket Income $26,000
Level 2 -- Attendance: 990 (99.00%) -- Ticket Income $1,980
Total Attendance: 2990 (99.67%)
Total Ticket Income: $27,980
Other Income: $1,399
Total Income: $29,379
Royaux
5 vs 5 Forward
Center Left Wing Right Wing Time % Phy DF OF
1 Dylan Larkin Marko Dano Danny Kristo 38 0 2 3
2 Nathan Gerbe Teuvo Teravainen Ben Hanowski 35 0 2 3
3 Brendan Woods Anton Slepyshev Brandon Pirri 17 0 2 3
4 Vladislav Namestnikov Sonny Milano Nicholas Baptiste 10 0 2 3
5 vs 5 Defense
Defense Defense Time % Phy DF OF
1 Lukas Krajicek Haydn Fleury 40 0 3 2
2 Marcus Pettersson Gord Baldwin 30 0 3 2
3 Phil Oreskovic Dylan DeMelo 15 0 3 2
4 Phil Oreskovic Dylan DeMelo 15 0 3 2
PowerPlay Forward
Center Left Wing Right Wing Time % Phy DF OF
1 Dylan Larkin Marko Dano Ben Hanowski 60 0 1 4
2 Nathan Gerbe Teuvo Teravainen Danny Kristo 40 0 1 4
PowerPlay Defense
Defense Defense Time % Phy DF OF
1 Lukas Krajicek Marcus Pettersson 60 0 2 3
2 Phil Oreskovic Gord Baldwin 40 0 2 3
Penalty Kill 4 Players Forward
Center Wing Time % Phy DF OF
1 Brendan Woods Danny Kristo 60 0 4 1
2 Marko Dano Ben Hanowski 40 0 4 1
Penalty Kill 4 Players Defense
Defense Defense Time % Phy DF OF
1 Gord Baldwin Haydn Fleury 60 1 2 2
2 Phil Oreskovic Lukas Krajicek 40 1 2 2
Penalty Kill - 3 Players Forward
Forward Time % Phy DF OF
1 Brendan Woods 60 0 4 1
2 Ben Hanowski 40 0 4 1
Penalty Kill - 3 Players Defense
Defense Defense Time % Phy DF OF
1 Gord Baldwin Haydn Fleury 60 1 2 2
2 Phil Oreskovic Lukas Krajicek 40 1 2 2
4 vs 4 Forward
Center Wing Time % Phy DF OF
1 Nathan Gerbe Marko Dano 60 0 2 3
2 Dylan Larkin Teuvo Teravainen 40 0 2 3
4 vs 4 Defense
Defense Defense Time % Phy DF OF
1 Gord Baldwin Haydn Fleury 60 0 3 2
2 Marcus Pettersson Phil Oreskovic 40 0 3 2
Last Minutes Offensive
Center Left Wing Right Wing Defense Defense
Dylan Larkin Marko Dano Ben Hanowski Marcus Pettersson Phil Oreskovic
Last Minutes Defensive
Center Left Wing Right Wing Defense Defense
Marko Dano Brendan Woods Ben Hanowski Haydn Fleury Phil Oreskovic
Goaltenders
Starting : Olivier Roy
Backup : Jean-Francois Berube
Extra Forwards
Normal : Marko Dano, Dylan Larkin, Nathan Gerbe - PP : Nathan Gerbe, Brandon Pirri - PK : Brandon Pirri
Extra Defensemen
Normal : Haydn Fleury, Marcus Pettersson, Phil Oreskovic - PP : Haydn Fleury - PK : Marcus Pettersson, Dylan DeMelo
Penalty Shots
Dylan Larkin, Nathan Gerbe, Teuvo Teravainen, Sonny Milano, Marko Dano
Scratches
Garrett Wilson (Healthy), Tanner Kero (Healthy), Greg McKegg (Healthy), Simon Despres (Healthy), Konrad Abeltshauser (Healthy)
Tomas Hyka (Healthy), Ian McCoshen (Healthy), Rourke Chartier (Healthy), Michael Bunting (Healthy), Ryan Mantha (Healthy)
Jack Ramsey (Healthy), Marcus Hogberg (Healthy), Igor Shesterkin (Healthy), Hayden Hawkey (Healthy)
Demolitions
5 vs 5 Forward
Center Left Wing Right Wing Time % Phy DF OF
1 Daultan Leveillé Taylor Beck Spencer Machacek 40 1 2 2
2 Andrej Nestrasil Lane MacDermid Dennis Everberg 30 1 2 2
3 Phil McRae Joshua Leivo J.T. Brown 20 1 2 2
4 Christoph Bertschy Alex Hutchings Aaron Palushaj 10 1 2 2
5 vs 5 Defense
Defense Defense Time % Phy DF OF
1 Jake Muzzin Nikita Tryamkin 40 1 2 2
2 Robert Bortuzzo Ryan Pulock 30 1 2 2
3 Taylor Aronson Nick Pryor 20 1 2 2
4 Tommy Vannelli Jake Muzzin 10 1 2 2
PowerPlay Forward
Center Left Wing Right Wing Time % Phy DF OF
1 Daultan Leveillé Taylor Beck Spencer Machacek 60 1 2 2
2 Andrej Nestrasil Lane MacDermid Dennis Everberg 40 1 2 2
PowerPlay Defense
Defense Defense Time % Phy DF OF
1 Jake Muzzin Nikita Tryamkin 60 1 2 2
2 Robert Bortuzzo Ryan Pulock 40 1 2 2
Penalty Kill 4 Players Forward
Center Wing Time % Phy DF OF
1 Spencer Machacek Daultan Leveillé 60 1 2 2
2 Taylor Beck Dennis Everberg 40 1 2 2
Penalty Kill 4 Players Defense
Defense Defense Time % Phy DF OF
1 Jake Muzzin Nikita Tryamkin 60 1 2 2
2 Robert Bortuzzo Ryan Pulock 40 1 2 2
Penalty Kill - 3 Players Forward
Forward Time % Phy DF OF
1 Spencer Machacek 60 1 2 2
2 Daultan Leveillé 40 1 2 2
Penalty Kill - 3 Players Defense
Defense Defense Time % Phy DF OF
1 Jake Muzzin Nikita Tryamkin 60 1 2 2
2 Robert Bortuzzo Ryan Pulock 40 1 2 2
4 vs 4 Forward
Center Wing Time % Phy DF OF
1 Spencer Machacek Daultan Leveillé 60 1 2 2
2 Taylor Beck Dennis Everberg 40 1 2 2
4 vs 4 Defense
Defense Defense Time % Phy DF OF
1 Jake Muzzin Nikita Tryamkin 60 1 2 2
2 Robert Bortuzzo Ryan Pulock 40 1 2 2
Last Minutes Offensive
Center Left Wing Right Wing Defense Defense
Daultan Leveillé Taylor Beck Spencer Machacek Jake Muzzin Nikita Tryamkin
Last Minutes Defensive
Center Left Wing Right Wing Defense Defense
Daultan Leveillé Taylor Beck Spencer Machacek Jake Muzzin Nikita Tryamkin
Goaltenders
Starting : Alex Stalock
Backup : Antti Raanta
Extra Forwards
Normal : Mitch Callahan, Michael Ferland, Brendan Perlini - PP : Mitch Callahan, Michael Ferland - PK : Brendan Perlini
Extra Defensemen
Normal : Taylor Aronson, Nick Pryor, Tommy Vannelli - PP : Taylor Aronson - PK : Nick Pryor, Tommy Vannelli
Penalty Shots
Spencer Machacek, Daultan Leveillé, Taylor Beck, Dennis Everberg, Lane MacDermid
Scratches
Thomas DiPauli (Healthy), Taylor Leier (Healthy), Jared Staal (Sprained Left Finger Injury), Michael Prapavessis (Healthy), Jaedon Descheneau (Healthy)
Jake Paterson (Healthy), Francois Tremblay (Healthy), Brandon Halverson (Healthy)
% Time on Ice - Royaux
Lines # - Real PCT - Wanted PCT - Time Play
Normal Forward
1 - 32% - 38% - 14:17
2 - 28% - 35% - 12:32
3 - 21% - 17% - 9:15
4 - 20% - 10% - 8:51
Normal Defense
1 - 42% - 40% - 18:39
2 - 30% - 30% - 13:18
3 - 15% - 15% - 6:35
4 - 14% - 15% - 6:23
PP Forward
1 - 55% - 60% - 3:16
2 - 45% - 40% - 2:41
PP Defense
1 - 62% - 60% - 3:43
2 - 38% - 40% - 2:14
PK Forward
1 - 84% - 60% - 7:41
2 - 16% - 40% - 1:27
PK Defense
1 - 57% - 60% - 5:13
2 - 43% - 40% - 3:55
PK3 Forward
1 - 0% - 60%
2 - 0% - 40%
PK3 Defense
1 - 0% - 60%
2 - 0% - 40%
44 Forward
1 - 0% - 60%
2 - 0% - 40%
44 Defense
1 - 0% - 60%
2 - 0% - 40%
Last Minute Offensive - 0:00
Last Minute Defensive - 0:00
Total
Forward - 60:00
Defense - 60:00
|
% Time on Ice - Demolitions
Lines # - Real PCT - Wanted PCT - Time Play
Normal Forward
1 - 34% - 40% - 15:24
2 - 26% - 30% - 11:37
3 - 24% - 20% - 10:40
4 - 16% - 10% - 7:14
Normal Defense
1 - 42% - 40% - 18:55
2 - 31% - 30% - 14:04
3 - 22% - 20% - 10:04
4 - 4% - 10% - 1:52
PP Forward
1 - 54% - 60% - 4:57
2 - 46% - 40% - 4:11
PP Defense
1 - 60% - 60% - 5:31
2 - 40% - 40% - 3:37
PK Forward
1 - 75% - 60% - 4:27
2 - 25% - 40% - 1:30
PK Defense
1 - 65% - 60% - 3:51
2 - 35% - 40% - 2:06
PK3 Forward
1 - 0% - 60%
2 - 0% - 40%
PK3 Defense
1 - 0% - 60%
2 - 0% - 40%
44 Forward
1 - 0% - 60%
2 - 0% - 40%
44 Defense
1 - 0% - 60%
2 - 0% - 40%
Last Minute Offensive - 0:00
Last Minute Defensive - 0:00
Total
Forward - 60:00
Defense - 60:00
|
Play-by-Play
1st period
0:01 of 1st period - Dylan Larkin wins face-off versus Daultan Leveillé in neutral zone.
0:30 of 1st period - Off-side.
0:31 of 1st period - Brendan Woods wins face-off versus Andrej Nestrasil in neutral zone.
0:34 of 1st period - Slapshot by Anton Slepyshev.
0:34 of 1st period - Goal by Anton Slepyshev - Royaux : 1 - Demolitions : 0.
0:35 of 1st period - Phil McRae wins face-off versus Vladislav Namestnikov in neutral zone.
0:45 of 1st period - Nick Pryor is hit by Sonny Milano and loses puck.
1:00 of 1st period - Nick Pryor is hit by Phil Oreskovic and loses puck.
2:20 of 1st period - Marcus Pettersson is hit by Aaron Palushaj and loses puck.
3:10 of 1st period - Wrist shot by Marko Dano.
3:10 of 1st period - Shot Blocked by Taylor Aronson.
3:24 of 1st period - Taylor Beck is hit by Lukas Krajicek and loses puck.
3:41 of 1st period - Snap shot by Lane MacDermid.
3:41 of 1st period - Deflect By Nicholas Baptiste.
3:41 of 1st period - Shot Misses the Net.
3:41 of 1st period - Puck is out of play.
3:42 of 1st period - Andrej Nestrasil wins face-off versus Vladislav Namestnikov in Royaux zone.
4:18 of 1st period - Wrist shot by Andrej Nestrasil.
4:18 of 1st period - Stopped by Olivier Roy with a rebound.
4:20 of 1st period - Snap shot by Dennis Everberg.
4:20 of 1st period - Shot Misses the Net.
4:22 of 1st period - Wrist shot by Andrej Nestrasil.
4:22 of 1st period - Stopped by Olivier Roy without a rebound.
4:23 of 1st period - Daultan Leveillé wins face-off versus Dylan Larkin in Royaux zone.
4:24 of 1st period - Snap shot by Spencer Machacek.
4:24 of 1st period - Stopped by Olivier Roy without a rebound.
4:25 of 1st period - Daultan Leveillé wins face-off versus Dylan Larkin in Royaux zone.
4:28 of 1st period - Wrist shot by Taylor Beck.
4:28 of 1st period - Shot Misses the Net.
4:36 of 1st period - Wrist shot by Marko Dano.
4:36 of 1st period - Shot Misses the Net.
4:38 of 1st period - Slapshot by Phil Oreskovic.
4:38 of 1st period - Stopped by Alex Stalock with a rebound.
4:40 of 1st period - Wrist shot by Phil Oreskovic.
4:40 of 1st period - Shot Misses the Net.
4:50 of 1st period - Phil Oreskovic is hit by Phil McRae and loses puck.
5:19 of 1st period - Snap shot by Phil McRae.
5:19 of 1st period - Stopped by Olivier Roy with a rebound.
5:54 of 1st period - Snap shot by Nathan Gerbe.
5:54 of 1st period - Shot Misses the Net.
5:58 of 1st period - Snap shot by Ben Hanowski.
5:58 of 1st period - Shot Blocked by Ryan Pulock.
6:00 of 1st period - Snap shot by Ben Hanowski.
6:00 of 1st period - Goal by Ben Hanowski - Royaux : 2 - Demolitions : 0.
6:01 of 1st period - Spencer Machacek wins face-off versus Dylan Larkin in neutral zone.
6:06 of 1st period - Snap shot by Taylor Beck.
6:06 of 1st period - Deflect By Danny Kristo.
6:06 of 1st period - Stopped by Olivier Roy with a rebound.
6:10 of 1st period - Wrist shot by Spencer Machacek.
6:10 of 1st period - Shot Misses the Net.
6:12 of 1st period - Slapshot by Spencer Machacek.
6:12 of 1st period - Deflect By Taylor Beck.
6:12 of 1st period - Shot Misses the Net.
6:12 of 1st period - Puck is out of play.
6:13 of 1st period - Dylan Larkin wins face-off versus Daultan Leveillé in Royaux zone.
6:13 of 1st period - Dylan Larkin is hit by Taylor Beck.
6:27 of 1st period - Slapshot by Daultan Leveillé.
6:27 of 1st period - Shot Blocked by Marko Dano.
6:29 of 1st period - Wrist shot by Daultan Leveillé.
6:29 of 1st period - Shot Misses the Net.
6:44 of 1st period - Slapshot by Marko Dano.
6:44 of 1st period - Shot Misses the Net.
7:26 of 1st period - Wrist shot by Taylor Beck.
7:26 of 1st period - Stopped by Olivier Roy without a rebound.
7:27 of 1st period - Daultan Leveillé wins face-off versus Nathan Gerbe in Royaux zone.
7:32 of 1st period - Snap shot by Taylor Beck.
7:32 of 1st period - Shot Misses the Net.
7:34 of 1st period - Snap shot by Daultan Leveillé.
7:34 of 1st period - Shot Blocked by Dylan DeMelo.
7:36 of 1st period - Wrist shot by Nick Pryor.
7:36 of 1st period - Shot Misses the Net.
7:38 of 1st period - Slapshot by Nick Pryor.
7:38 of 1st period - Shot Misses the Net.
8:01 of 1st period - Snap shot by Ben Hanowski.
8:01 of 1st period - Shot Misses the Net.
8:03 of 1st period - Slapshot by Teuvo Teravainen.
8:03 of 1st period - Shot Misses the Net.
8:05 of 1st period - Slapshot by Phil Oreskovic.
8:05 of 1st period - Stopped by Alex Stalock with a rebound.
8:17 of 1st period - Slapshot by Nathan Gerbe.
8:17 of 1st period - Stopped by Alex Stalock with a rebound.
8:27 of 1st period - Wrist shot by Nathan Gerbe.
8:27 of 1st period - Stopped by Alex Stalock without a rebound.
8:28 of 1st period - Dennis Everberg wins face-off versus Dylan Larkin in Demolitions zone.
9:35 of 1st period - Dennis Everberg is hit by Danny Kristo and loses puck.
9:57 of 1st period - Nikita Tryamkin is hit by Lukas Krajicek and loses puck.
10:09 of 1st period - Off-side.
10:10 of 1st period - Phil McRae wins face-off versus Nathan Gerbe in neutral zone.
10:13 of 1st period - Lukas Krajicek is hit by Phil McRae.
11:18 of 1st period - Icing by Dylan DeMelo.
11:19 of 1st period - Aaron Palushaj wins face-off versus Vladislav Namestnikov in Royaux zone.
12:22 of 1st period - Wrist shot by Nicholas Baptiste.
12:22 of 1st period - Shot Misses the Net.
12:24 of 1st period - Slapshot by Nicholas Baptiste.
12:24 of 1st period - Shot Misses the Net.
12:26 of 1st period - Slapshot by Nicholas Baptiste.
12:26 of 1st period - Stopped by Alex Stalock without a rebound.
12:27 of 1st period - Dylan Larkin wins face-off versus Daultan Leveillé in Demolitions zone.
13:03 of 1st period - Snap shot by Dennis Everberg.
13:03 of 1st period - Shot Misses the Net.
13:05 of 1st period - Wrist shot by Lane MacDermid.
13:05 of 1st period - Shot Misses the Net.
13:18 of 1st period - Minor Penalty to Phil McRae for Hooking.
13:19 of 1st period - Spencer Machacek wins face-off versus Dylan Larkin in Demolitions zone.
13:35 of 1st period - Wrist shot by Spencer Machacek.
13:35 of 1st period - Stopped by Olivier Roy with a rebound.
13:53 of 1st period - Nikita Tryamkin is hit by Lukas Krajicek and loses puck.
15:18 of 1st period - Penalty to Phil McRae is over, Phil McRae is back on ice.
15:26 of 1st period - Backhand shot by Daultan Leveillé.
15:26 of 1st period - Shot Misses the Net.
16:47 of 1st period - Snap shot by Andrej Nestrasil.
16:47 of 1st period - Stopped by Olivier Roy with a rebound.
16:49 of 1st period - Wrist shot by Dennis Everberg.
16:49 of 1st period - Stopped by Olivier Roy with a rebound.
16:51 of 1st period - Slapshot by Ryan Pulock.
16:51 of 1st period - Shot Blocked by Lukas Krajicek.
16:53 of 1st period - Snap shot by Lane MacDermid.
16:53 of 1st period - Stopped by Olivier Roy with a rebound.
16:55 of 1st period - Wrist shot by Dennis Everberg.
16:55 of 1st period - Stopped by Olivier Roy with a rebound.
17:11 of 1st period - Robert Bortuzzo is hit by Nathan Gerbe and loses puck.
17:30 of 1st period - Slapshot by Aaron Palushaj.
17:30 of 1st period - Shot Hit the Post.
17:47 of 1st period - Teuvo Teravainen is hit by J.T. Brown and loses puck.
18:05 of 1st period - Marko Dano is hit by Dennis Everberg and loses puck.
18:22 of 1st period - Slapshot by Dylan Larkin.
18:22 of 1st period - Shot Misses the Net.
18:24 of 1st period - Wrist shot by Nicholas Baptiste.
18:24 of 1st period - Deflect By Vladislav Namestnikov.
18:24 of 1st period - Shot Blocked by Taylor Beck.
18:24 of 1st period - Puck is out of play.
18:25 of 1st period - Vladislav Namestnikov wins face-off versus Daultan Leveillé in Demolitions zone.
18:54 of 1st period - Taylor Aronson is hit by Nicholas Baptiste and loses puck.
19:20 of 1st period - Wrist shot by Spencer Machacek.
19:20 of 1st period - Stopped by Olivier Roy with a rebound.
19:22 of 1st period - Snap shot by Nick Pryor.
19:22 of 1st period - Stopped by Olivier Roy without a rebound.
19:23 of 1st period - Andrej Nestrasil wins face-off versus Dylan Larkin in Royaux zone.
19:36 of 1st period - Snap shot by Dylan Larkin.
19:36 of 1st period - Stopped by Alex Stalock with a rebound.
19:50 of 1st period - Phil McRae is hit by Teuvo Teravainen and loses puck.
Goals for this period are 2 for Royaux vs 0 for Demolitions.
Shots for this period are 8 for Royaux vs 13 for Demolitions.
2nd period
0:01 of 2nd period - Dylan Larkin wins face-off versus Daultan Leveillé in neutral zone.
0:38 of 2nd period - Icing by Gord Baldwin.
0:39 of 2nd period - Daultan Leveillé wins face-off versus Teuvo Teravainen in Royaux zone.
0:42 of 2nd period - Snap shot by Taylor Beck.
0:42 of 2nd period - Shot Misses the Net.
2:10 of 2nd period - Wrist shot by Christoph Bertschy.
2:10 of 2nd period - Stopped by Olivier Roy with a rebound.
2:12 of 2nd period - Slapshot by Christoph Bertschy.
2:12 of 2nd period - Shot Misses the Net.
2:14 of 2nd period - Wrist shot by Nikita Tryamkin.
2:14 of 2nd period - Shot Blocked by Haydn Fleury.
2:16 of 2nd period - Snap shot by Alex Hutchings.
2:16 of 2nd period - Shot Misses the Net.
2:36 of 2nd period - Wrist shot by Marko Dano.
2:36 of 2nd period - Shot Misses the Net.
2:57 of 2nd period - Snap shot by Nathan Gerbe.
2:57 of 2nd period - Shot Misses the Net.
3:27 of 2nd period - Wrist shot by Daultan Leveillé.
3:27 of 2nd period - Goal by Daultan Leveillé - Royaux : 2 - Demolitions : 1.
3:28 of 2nd period - Dylan Larkin wins face-off versus Andrej Nestrasil in neutral zone.
4:02 of 2nd period - Snap shot by Dennis Everberg.
4:02 of 2nd period - Goal by Dennis Everberg - Royaux : 2 - Demolitions : 2.
4:03 of 2nd period - Dylan Larkin wins face-off versus Daultan Leveillé in neutral zone.
4:33 of 2nd period - Wrist shot by Andrej Nestrasil.
4:33 of 2nd period - Shot Blocked by Lukas Krajicek.
4:41 of 2nd period - Wrist shot by Ben Hanowski.
4:41 of 2nd period - Stopped by Alex Stalock without a rebound.
4:42 of 2nd period - Phil McRae wins face-off versus Dylan Larkin in Demolitions zone.
5:06 of 2nd period - Phil McRae is hit by Brandon Pirri and loses puck.
5:17 of 2nd period - Snap shot by Phil McRae.
5:17 of 2nd period - Stopped by Olivier Roy with a rebound.
5:19 of 2nd period - Slapshot by Ryan Pulock.
5:19 of 2nd period - Shot Blocked by Gord Baldwin.
5:21 of 2nd period - Slapshot by Joshua Leivo.
5:21 of 2nd period - Shot Blocked by Anton Slepyshev.
5:35 of 2nd period - Snap shot by J.T. Brown.
5:35 of 2nd period - Shot Blocked by Gord Baldwin.
5:37 of 2nd period - Slapshot by Phil McRae.
5:37 of 2nd period - Stopped by Olivier Roy with a rebound.
6:07 of 2nd period - Snap shot by Phil McRae.
6:07 of 2nd period - Shot Blocked by Marcus Pettersson.
6:09 of 2nd period - Wrist shot by J.T. Brown.
6:09 of 2nd period - Shot Blocked by Marcus Pettersson.
6:11 of 2nd period - Slapshot by Nikita Tryamkin.
6:11 of 2nd period - Shot Misses the Net.
6:13 of 2nd period - Snap shot by J.T. Brown.
6:13 of 2nd period - Shot Blocked by Brendan Woods.
6:36 of 2nd period - Wrist shot by J.T. Brown.
6:36 of 2nd period - Stopped by Olivier Roy without a rebound.
6:37 of 2nd period - Daultan Leveillé wins face-off versus Dylan Larkin in Royaux zone.
6:40 of 2nd period - Snap shot by Spencer Machacek.
6:40 of 2nd period - Stopped by Olivier Roy with a rebound.
6:44 of 2nd period - Snap shot by Spencer Machacek.
6:44 of 2nd period - Shot Misses the Net.
6:46 of 2nd period - Snap shot by Daultan Leveillé.
6:46 of 2nd period - Shot Misses the Net.
6:52 of 2nd period - Snap shot by Daultan Leveillé.
6:52 of 2nd period - Shot Blocked by Marko Dano.
6:58 of 2nd period - Minor Penalty to Lukas Krajicek for Hooking.
6:59 of 2nd period - Daultan Leveillé wins face-off versus Vladislav Namestnikov in Royaux zone.
8:53 of 2nd period - Haydn Fleury is hit by Jake Muzzin and loses puck.
8:58 of 2nd period - Penalty to Lukas Krajicek is over, Lukas Krajicek is back on ice.
9:04 of 2nd period - Lukas Krajicek is hit by Aaron Palushaj and loses puck.
9:57 of 2nd period - Off-side.
9:58 of 2nd period - Joshua Leivo wins face-off versus Marko Dano in neutral zone.
10:01 of 2nd period - Wrist shot by Joshua Leivo.
10:01 of 2nd period - Stopped by Olivier Roy without a rebound.
10:02 of 2nd period - Phil McRae wins face-off versus Nathan Gerbe in Royaux zone.
10:03 of 2nd period - Snap shot by J.T. Brown.
10:03 of 2nd period - Stopped by Olivier Roy with a rebound.
10:43 of 2nd period - Icing by Andrej Nestrasil.
10:44 of 2nd period - Brendan Woods wins face-off versus Andrej Nestrasil in Demolitions zone.
10:50 of 2nd period - Icing by Lane MacDermid.
10:51 of 2nd period - Anton Slepyshev wins face-off versus Andrej Nestrasil in Demolitions zone.
11:12 of 2nd period - Dylan DeMelo is hit by Robert Bortuzzo and loses puck.
11:37 of 2nd period - Snap shot by Lane MacDermid.
11:37 of 2nd period - Stopped by Olivier Roy without a rebound.
11:38 of 2nd period - Daultan Leveillé wins face-off versus Dylan Larkin in Royaux zone.
11:53 of 2nd period - Slapshot by Lukas Krajicek.
11:53 of 2nd period - Stopped by Alex Stalock with a rebound.
12:05 of 2nd period - Haydn Fleury is hit by Nikita Tryamkin and loses puck.
12:48 of 2nd period - Vladislav Namestnikov is hit by Spencer Machacek.
13:00 of 2nd period - Minor Penalty to Sonny Milano for Hooking.
13:01 of 2nd period - Daultan Leveillé wins face-off versus Brendan Woods in Royaux zone.
13:04 of 2nd period - Wrist shot by Spencer Machacek.
13:04 of 2nd period - Shot Blocked by Haydn Fleury.
13:06 of 2nd period - Backhand shot by Nikita Tryamkin.
13:06 of 2nd period - Deflect By Taylor Beck.
13:06 of 2nd period - Shot Misses the Net.
13:06 of 2nd period - Puck is out of play.
13:07 of 2nd period - Daultan Leveillé wins face-off versus Brendan Woods in Royaux zone.
13:36 of 2nd period - Slapshot by Jake Muzzin.
13:36 of 2nd period - Shot Misses the Net.
13:38 of 2nd period - Slapshot by Jake Muzzin.
13:38 of 2nd period - Shot Blocked by Danny Kristo.
15:00 of 2nd period - Penalty to Sonny Milano is over, Sonny Milano is back on ice.
15:12 of 2nd period - Backhand shot by Gord Baldwin.
15:12 of 2nd period - Stopped by Alex Stalock with a rebound.
15:33 of 2nd period - Snap shot by Nathan Gerbe.
15:33 of 2nd period - Stopped by Alex Stalock without a rebound.
15:34 of 2nd period - Christoph Bertschy wins face-off versus Dylan Larkin in Demolitions zone.
15:46 of 2nd period - Off-side.
15:47 of 2nd period - Daultan Leveillé wins face-off versus Nathan Gerbe in neutral zone.
15:52 of 2nd period - Icing by Ben Hanowski.
15:53 of 2nd period - Daultan Leveillé wins face-off versus Nathan Gerbe in Royaux zone.
16:00 of 2nd period - Slapshot by Taylor Beck.
16:00 of 2nd period - Stopped by Olivier Roy with a rebound.
16:02 of 2nd period - Snap shot by Spencer Machacek.
16:02 of 2nd period - Shot Misses the Net.
16:04 of 2nd period - Snap shot by Nikita Tryamkin.
16:04 of 2nd period - Stopped by Olivier Roy without a rebound.
16:05 of 2nd period - Dylan Larkin wins face-off versus Daultan Leveillé in Royaux zone.
16:26 of 2nd period - Minor Penalty to Nikita Tryamkin for Holding Stick.
16:27 of 2nd period - Spencer Machacek wins face-off versus Dylan Larkin in Demolitions zone.
16:44 of 2nd period - Off-side.
16:45 of 2nd period - Spencer Machacek wins face-off versus Nathan Gerbe in neutral zone.
18:26 of 2nd period - Penalty to Nikita Tryamkin is over, Nikita Tryamkin is back on ice.
18:32 of 2nd period - Brendan Woods is hit by Jake Muzzin and loses puck.
18:41 of 2nd period - Wrist shot by Phil McRae.
18:41 of 2nd period - Stopped by Olivier Roy with a rebound.
18:43 of 2nd period - Wrist shot by J.T. Brown.
18:43 of 2nd period - Shot Misses the Net.
18:45 of 2nd period - Wrist shot by J.T. Brown.
18:45 of 2nd period - Shot Misses the Net.
19:32 of 2nd period - Snap shot by Dennis Everberg.
19:32 of 2nd period - Shot Misses the Net.
19:34 of 2nd period - Snap shot by Dennis Everberg.
19:34 of 2nd period - Shot Misses the Net.
19:44 of 2nd period - Snap shot by J.T. Brown.
19:44 of 2nd period - Stopped by Olivier Roy with a rebound.
19:46 of 2nd period - Slapshot by Ryan Pulock.
19:46 of 2nd period - Deflect By Joshua Leivo.
19:46 of 2nd period - Shot Blocked by Dylan DeMelo.
19:46 of 2nd period - Puck is out of play.
19:47 of 2nd period - Phil McRae wins face-off versus Vladislav Namestnikov in Royaux zone.
Goals for this period are 0 for Royaux vs 2 for Demolitions.
Shots for this period are 4 for Royaux vs 14 for Demolitions.
3rd period
0:01 of 3rd period - Dylan Larkin wins face-off versus Daultan Leveillé in neutral zone.
0:08 of 3rd period - Snap shot by Dylan Larkin.
0:08 of 3rd period - Shot Blocked by Jake Muzzin.
0:10 of 3rd period - Slapshot by Lukas Krajicek.
0:10 of 3rd period - Shot Misses the Net.
0:12 of 3rd period - Backhand shot by Lukas Krajicek.
0:12 of 3rd period - Stopped by Alex Stalock without a rebound.
0:13 of 3rd period - Dylan Larkin wins face-off versus Daultan Leveillé in Demolitions zone.
0:24 of 3rd period - Snap shot by Dylan Larkin.
0:24 of 3rd period - Shot Misses the Net.
0:26 of 3rd period - Slapshot by Marko Dano.
0:26 of 3rd period - Stopped by Alex Stalock without a rebound.
0:27 of 3rd period - Daultan Leveillé wins face-off versus Nathan Gerbe in Demolitions zone.
1:03 of 3rd period - Minor Penalty to Nikita Tryamkin for Tripping.
1:04 of 3rd period - Spencer Machacek wins face-off versus Dylan Larkin in Demolitions zone.
1:11 of 3rd period - Icing by Lukas Krajicek.
1:12 of 3rd period - Dylan Larkin wins face-off versus Spencer Machacek in Royaux zone.
3:03 of 3rd period - Penalty to Nikita Tryamkin is over, Nikita Tryamkin is back on ice.
3:17 of 3rd period - Major / Game Misconduct Penalty to Brendan Woods for Butt-ending.
3:17 of 3rd period - Brendan Woods is ejected from game.
3:18 of 3rd period - Brandon Pirri wins face-off versus Spencer Machacek in Royaux zone.
5:30 of 3rd period - J.T. Brown is hit by Phil Oreskovic and loses puck.
6:35 of 3rd period - Alex Hutchings is hit by Dylan DeMelo.
7:40 of 3rd period - Vladislav Namestnikov is hit by Taylor Aronson.
7:50 of 3rd period - Christoph Bertschy is hit by Anton Slepyshev and loses puck.
7:55 of 3rd period - Snap shot by Brandon Pirri.
7:55 of 3rd period - Deflect By Anton Slepyshev.
7:55 of 3rd period - Shot Misses the Net.
7:55 of 3rd period - Puck is out of play.
7:56 of 3rd period - Andrej Nestrasil wins face-off versus Brandon Pirri in Demolitions zone.
8:17 of 3rd period - Penalty to Brendan Woods is over, Ben Hanowski is send on ice.
8:45 of 3rd period - Icing by Haydn Fleury.
8:46 of 3rd period - Vladislav Namestnikov wins face-off versus Christoph Bertschy in Royaux zone.
8:46 of 3rd period - Vladislav Namestnikov is hit by Nick Pryor.
9:08 of 3rd period - Snap shot by Christoph Bertschy.
9:08 of 3rd period - Stopped by Olivier Roy with a rebound.
9:14 of 3rd period - Wrist shot by Christoph Bertschy.
9:14 of 3rd period - Stopped by Olivier Roy without a rebound.
9:15 of 3rd period - Teuvo Teravainen wins face-off versus Daultan Leveillé in Royaux zone.
9:15 of 3rd period - Teuvo Teravainen is hit by Ryan Pulock.
9:24 of 3rd period - Off-side.
9:25 of 3rd period - Nathan Gerbe wins face-off versus Spencer Machacek in neutral zone.
9:42 of 3rd period - Snap shot by Taylor Beck.
9:42 of 3rd period - Stopped by Olivier Roy with a rebound.
9:44 of 3rd period - Wrist shot by Spencer Machacek.
9:44 of 3rd period - Goal by Spencer Machacek - Royaux : 2 - Demolitions : 3.
9:45 of 3rd period - Dylan Larkin wins face-off versus Daultan Leveillé in neutral zone.
9:47 of 3rd period - Minor Penalty to Danny Kristo for Tripping.
9:48 of 3rd period - Daultan Leveillé wins face-off versus Brandon Pirri in Royaux zone.
9:54 of 3rd period - Wrist shot by Spencer Machacek.
9:54 of 3rd period - Shot Misses the Net.
9:56 of 3rd period - Slapshot by Jake Muzzin.
9:56 of 3rd period - Shot Blocked by Gord Baldwin.
9:58 of 3rd period - Slapshot by Nikita Tryamkin.
9:58 of 3rd period - Deflect By Daultan Leveillé.
9:58 of 3rd period - Goal by Daultan Leveillé - Royaux : 2 - Demolitions : 4.
9:59 of 3rd period - Daultan Leveillé wins face-off versus Dylan Larkin in neutral zone.
10:26 of 3rd period - Nathan Gerbe is hit by Dennis Everberg and loses puck.
10:32 of 3rd period - Off-side.
10:33 of 3rd period - Daultan Leveillé wins face-off versus Dylan Larkin in neutral zone.
10:38 of 3rd period - Wrist shot by Daultan Leveillé.
10:38 of 3rd period - Stopped by Olivier Roy without a rebound.
10:39 of 3rd period - Spencer Machacek wins face-off versus Dylan Larkin in Royaux zone.
10:42 of 3rd period - Wrist shot by Taylor Beck.
10:42 of 3rd period - Stopped by Olivier Roy with a rebound.
10:44 of 3rd period - Slapshot by Robert Bortuzzo.
10:44 of 3rd period - Deflect By Spencer Machacek.
10:44 of 3rd period - Shot Misses the Net.
10:44 of 3rd period - Puck is out of play.
10:45 of 3rd period - Marko Dano wins face-off versus Taylor Beck in Royaux zone.
10:45 of 3rd period - Marko Dano is hit by Taylor Beck.
10:52 of 3rd period - Off-side.
10:53 of 3rd period - Daultan Leveillé wins face-off versus Dylan Larkin in neutral zone.
11:09 of 3rd period - Wrist shot by Marko Dano.
11:09 of 3rd period - Stopped by Alex Stalock without a rebound.
11:10 of 3rd period - Andrej Nestrasil wins face-off versus Nathan Gerbe in Demolitions zone.
11:10 of 3rd period - Andrej Nestrasil is hit by Nathan Gerbe.
12:16 of 3rd period - Wrist shot by Sonny Milano.
12:16 of 3rd period - Stopped by Alex Stalock without a rebound.
12:17 of 3rd period - Vladislav Namestnikov wins face-off versus Christoph Bertschy in Demolitions zone.
12:18 of 3rd period - Wrist shot by Sonny Milano.
12:18 of 3rd period - Shot Blocked by Taylor Aronson.
12:20 of 3rd period - Slapshot by Haydn Fleury.
12:20 of 3rd period - Shot Misses the Net.
12:22 of 3rd period - Slapshot by Haydn Fleury.
12:22 of 3rd period - Stopped by Alex Stalock with a rebound.
12:24 of 3rd period - Wrist shot by Sonny Milano.
12:24 of 3rd period - Shot Misses the Net.
12:26 of 3rd period - Snap shot by Nicholas Baptiste.
12:26 of 3rd period - Shot Misses the Net.
12:28 of 3rd period - Wrist shot by Vladislav Namestnikov.
12:28 of 3rd period - Deflect By Sonny Milano.
12:28 of 3rd period - Stopped by Alex Stalock without a rebound.
12:29 of 3rd period - Daultan Leveillé wins face-off versus Dylan Larkin in Demolitions zone.
12:40 of 3rd period - Wrist shot by Spencer Machacek.
12:40 of 3rd period - Goal by Spencer Machacek - Royaux : 2 - Demolitions : 5.
12:41 of 3rd period - Dylan Larkin wins face-off versus Daultan Leveillé in neutral zone.
12:50 of 3rd period - Snap shot by Dylan Larkin.
12:50 of 3rd period - Shot Misses the Net.
12:52 of 3rd period - Wrist shot by Danny Kristo.
12:52 of 3rd period - Shot Blocked by Daultan Leveillé.
12:54 of 3rd period - Snap shot by Marko Dano.
12:54 of 3rd period - Deflect By Dylan Larkin.
12:54 of 3rd period - Stopped by Alex Stalock with a rebound.
12:56 of 3rd period - Wrist shot by Marko Dano.
12:56 of 3rd period - Stopped by Alex Stalock with a rebound.
13:06 of 3rd period - Haydn Fleury is hit by Dennis Everberg and loses puck.
13:27 of 3rd period - Anton Slepyshev is hit by J.T. Brown and loses puck.
14:57 of 3rd period - Off-side.
14:58 of 3rd period - Nathan Gerbe wins face-off versus Taylor Beck in neutral zone.
15:11 of 3rd period - Wrist shot by Teuvo Teravainen.
15:11 of 3rd period - Stopped by Alex Stalock without a rebound.
15:12 of 3rd period - Dylan Larkin wins face-off versus Daultan Leveillé in Demolitions zone.
15:25 of 3rd period - Lukas Krajicek is hit by Spencer Machacek and loses puck.
15:40 of 3rd period - Snap shot by Lane MacDermid.
15:40 of 3rd period - Stopped by Olivier Roy without a rebound.
15:41 of 3rd period - Nathan Gerbe wins face-off versus Andrej Nestrasil in Royaux zone.
15:45 of 3rd period - Off-side.
15:46 of 3rd period - Daultan Leveillé wins face-off versus Dylan Larkin in neutral zone.
16:10 of 3rd period - Off-side.
16:11 of 3rd period - Nathan Gerbe wins face-off versus Andrej Nestrasil in neutral zone.
16:14 of 3rd period - Slapshot by Nathan Gerbe.
16:14 of 3rd period - Stopped by Alex Stalock with a rebound.
16:36 of 3rd period - Marko Dano is hit by Jake Muzzin and loses puck.
16:41 of 3rd period - Wrist shot by Taylor Beck.
16:41 of 3rd period - Shot Misses the Net.
16:43 of 3rd period - Slapshot by Jake Muzzin.
16:43 of 3rd period - Deflect By Taylor Beck.
16:43 of 3rd period - Goal by Taylor Beck - Royaux : 2 - Demolitions : 6.
16:44 of 3rd period - Taylor Beck wins face-off versus Dylan Larkin in neutral zone.
16:46 of 3rd period - Nikita Tryamkin is hit by Lukas Krajicek and loses puck.
16:47 of 3rd period - Nikita Tryamkin from Demolitions is injured at 16:47 of 3rd period (Left Forearm).
16:48 of 3rd period - Dylan Larkin wins face-off versus Daultan Leveillé in Royaux zone.
16:48 of 3rd period - Dylan Larkin is hit by Spencer Machacek.
17:10 of 3rd period - Daultan Leveillé is hit by Dylan Larkin and loses puck.
17:21 of 3rd period - Snap shot by Taylor Beck.
17:21 of 3rd period - Shot Misses the Net.
17:44 of 3rd period - Off-side.
17:45 of 3rd period - Phil McRae wins face-off versus Vladislav Namestnikov in neutral zone.
18:47 of 3rd period - Andrej Nestrasil is hit by Dylan DeMelo and loses puck.
19:06 of 3rd period - Wrist shot by Nathan Gerbe.
19:06 of 3rd period - Stopped by Alex Stalock with a rebound.
19:08 of 3rd period - Snap shot by Teuvo Teravainen.
19:08 of 3rd period - Deflect By Nathan Gerbe.
19:08 of 3rd period - Shot Blocked by Ryan Pulock.
19:08 of 3rd period - Puck is out of play.
19:09 of 3rd period - Daultan Leveillé wins face-off versus Dylan Larkin in Demolitions zone.
19:39 of 3rd period - Wrist shot by Anton Slepyshev.
19:39 of 3rd period - Deflect By Nathan Gerbe.
19:39 of 3rd period - Stopped by Alex Stalock without a rebound.
19:40 of 3rd period - Nathan Gerbe wins face-off versus Daultan Leveillé in Demolitions zone.
Goals for this period are 0 for Royaux vs 4 for Demolitions.
Shots for this period are 12 for Royaux vs 10 for Demolitions.
Back to the Top